AoeStats
← CazadorGT

Nomad

508485865Analyzed
2v2 RM · 10d ago on Sep 22, 2026· 22m 55s· 4 players
Game mode
Random Map
Map size
176×176
Population
200
Speed
Normal
Resources
Standard
Victory
Conquest
Starting age
Dark Age
Ending age
Imperial Age
RankedLock teamsTeams togetherTeam positionsShared explorationLock speedFull tech treeHidden civsTurbo modeCheats
Victory
Defeat
🇨🇿 Bulgarians · Czechia
1104
+19
🇨🇿 Spanish · Czechia
1104
+19
🇨🇦 Varangians · Canada
1176
-20
🇬🇹 Malians · Guatemala
1143
-18
CazadorGT
12:51 Loom
16:32 Feudal Age
17:01 Double-Bit Axe
17:16 Fishing Lines
17:30 Fishing Lines
19:58 Castle Age
21:04 Fletching
alexmavrovic
3:34 Loom
12:31 Feudal Age
16:47 Castle Age
19:23 Scale Barding Armor
19:33 Forging
20:33 Husbandry
22:09 Scale Barding Armor
23:24 Bloodlines
9YearsOld
5:57 Loom
13:26 Feudal Age
14:16 Double-Bit Axe
14:23 Double-Bit Axe
16:25 Wheelbarrow
19:06 Castle Age
19:21 Wheelbarrow
18:31 Town Watch
Skarbor
3:50 Loom
14:47 Feudal Age
15:45 Double-Bit Axe
Connection lost

Rejoining the realm…

Still unreachable

The connection could not be restored.

Session expired

The server has moved on; the page needs a fresh start.